 Dungeon Crawl Stone Soup version 0.27-a0-1280-g9d2d252d84 (webtiles) character file.

Game seed: 9612557958652872779

668 Glokmah the Chucker (level 7, -2/71 HPs)
             Began as an Ogre Hunter on June 13, 2021.
             Killed from afar by an orc wizard (5 damage)
             ... with a puff of flame
             ... on level 4 of the Dungeon.
             The game lasted 00:08:40 (5633 turns).

Glokmah the Chucker (Ogre Hunter)                   Turns: 5633, Time: 00:08:40

Health: -2/71      AC:  3    Str: 17    XL:     7   Next: 58%
Magic:  7/7        EV: 10    Int: 12    God:
Gold:   197        SH:  0    Dex: 11    Spells: 6/6 levels left

rFire    + . .     SeeInvis .   i - +7 short sword
rCold    . . .     Faith    .   (no shield)
rNeg     . . .     Spirit   .   b - +0 robe
rPois    .         Reflect  .   (helmet restricted)
rElec    .         Harm     .   (no cloak)
rCorr    .         Rampage  .   (gloves unavailable)
Will     .....                  (boots unavailable)
Stlth    +.........             (no amulet)
HPRegen  0.21/turn              l - ring of protection from fire
MPRegen  0.10/turn              (no ring)

@: studying Long Blades
A: large, unfitting armour, tough skin 1
a: no special abilities


You were on level 4 of the Dungeon.
You visited 1 branch of the dungeon, and saw 4 of its levels.

You collected 197 gold pieces.

Inventory:

Hand Weapons
 a - a +0 flail
 i - a +7 short sword (weapon)
Missiles
 e - 78 stones (quivered)
 k - 2 boomerangs
Armour
 b - a +0 robe (worn)
Jewellery
 l - a ring of protection from fire (left hand)
Scrolls
 g - a scroll of vulnerability
 n - a scroll of immolation
Potions
 d - a potion of degeneration {unknown}
 f - a potion of curing {unknown}
 h - 2 potions of heal wounds
 j - a potion of might {unknown}
 m - 2 potions of mutation {unknown}
 o - 2 potions of magic {unknown}


   Skills:
 + Level 4.9 Fighting
 * Level 3.9 Maces & Flails
 * Level 6.2 Throwing
 + Level 3.3 Dodging
 - Level 0.6 Stealth


You had 6 spell levels left.
You didn't know any spells.
Your spell library was empty.

Dungeon Overview and Level Annotations

Branches:
Dungeon (4/15)
 Temple: D:4-7

Altars:
Dithmenos
Hepliaklqana
Kikubaaqudgha
Sif Muna
Yredelemnul

Annotations:
D:3 3 runed translucent doors, CInkIbrahim's ghost, amateur OpGl


Innate Abilities, Weirdness & Mutations

You are too large for most types of armour.
You have tough skin. (AC +1)


Message History

The orc barely misses you.
Throw: 3 large rocks
Press: ? - help, Q - select action, (/) - cycle Shift-Dir - straight line, f - orc
Aim: an orc, wielding a +0 dagger (almost dead, 62% to hit)
You throw a large rock. The large rock hits the orc!!
You kill the orc!
You feel very sick.
You start resting.
You feel sick. x5
An orc wizard is nearby!
Throw: 2 large rocks
Press: ? - help, Q - select action, (/) - cycle Shift-Dir - straight line, f - orc wizard
Aim: an orc wizard, wielding a +0 dagger and wearing a +0 robe (55% to hit)
You throw a large rock.
The large rock closely misses the orc wizard.
You feel sick.
You are no longer poisoned.
The orc wizard hits you with a +0 dagger.
* * * LOW HITPOINT WARNING * * *
The orc wizard closely misses you.
Throw: large rock
Press: ? - help, Q - select action, (/) - cycle Shift-Dir - straight line, f/p - orc wizard
Aim: an orc wizard, wielding a +0 dagger and wearing a +0 robe (55% to hit)
You throw a large rock. The large rock hits the orc wizard.
The orc wizard is moderately wounded.
The orc wizard gestures at you while chanting.
You easily resist.
The orc wizard hits you with a +0 dagger.
* * * LOW HITPOINT WARNING * * *
Throw: 80 stones
Press: ? - help, Q - select action, (/) - cycle Shift-Dir - straight line, f/p - orc wizard
Aim: an orc wizard, wielding a +0 dagger and wearing a +0 robe (moderately wounded, 55% to hit)
You throw a stone. The stone hits the orc wizard.
The orc wizard is moderately wounded.
Throw: 79 stones
Press: ? - help, Q - select action, (/) - cycle Shift-Dir - straight line, f/p - orc wizard
Aim: an orc wizard, wielding a +0 dagger and wearing a +0 robe (moderately wounded, 55% to hit)
You throw a stone. The stone misses the orc wizard.
The orc wizard casts a spell at you. The puff of flame hits you. You resist.
You die...

#...#.## #.## #..
#######..##..#
#.# #..
.............#
#.# #.o
...###.###..###..
#{..
#...#...#..#.
#.o..
#..###.###...
..[...
#.#.#.#.#.#..#
#...### ..#
#.###.# #..##...
# .#. #.#@#.#.#
#)##.. . #
..###o# #.. .#
##. #..)# ..# .
..###.# #o. ##...
.(. ... ### ###
..


You could see an orc wizard.

Vanquished Creatures
  Sigmund (D:2)
  A centaur (D:3)
  A scorpion (D:4)
  A bullfrog zombie (D:3)
  A jelly (D:3)
  4 orc priests
  An orc wizard (D:2)
  4 gnolls
  2 adders (D:3)
  A worm (D:3)
  3 dart slugs
  17 orcs
  4 bats
  3 endoplasms
  3 giant cockroaches
  10 goblins
  10 hobgoblins
  4 jackals
  8 kobolds
  7 quokkas
  5 ball pythons
  2 frilled lizards
  7 rats
100 creatures vanquished.

Notes
Turn   | Place    | Note
-------+----------+-------------------------------------------
     0 | D:1      | Glokmah the Ogre Hunter began the quest for the Orb.
     0 | D:1      | Reached XP level 1. HP: 22/22 MP: 1/1
   513 | D:1      | Reached XP level 2. HP: 25/29 MP: 2/2
  1006 | D:1      | Reached XP level 3. HP: 36/37 MP: 3/3
  1053 | D:1      | Reached skill level 1 in Maces & Flails
  1707 | D:2      | Noticed Sigmund
  2019 | D:2      | Reached XP level 4. HP: 38/45 MP: 4/4
  2176 | D:2      | HP: 2/45 [something (9)]
  2541 | D:2      | Killed Sigmund
  2542 | D:2      | Reached skill level 5 in Throwing
  2542 | D:2      | Reached XP level 5. HP: 45/54 MP: 5/5
  2542 | D:2      | Reached XP level 6. HP: 51/62 MP: 6/6
  2970 | D:3      | Found an ancient bone altar of Kikubaaqudgha.
  2970 | D:3      | Found a hazy altar of Hepliaklqana.
  3384 | D:3      | Found a shimmering blue altar of Sif Muna.
  3507 | D:3      | Found a shadowy altar of Dithmenos.
  3507 | D:3      | Found a basalt altar of Yredelemnul.
  4183 | D:3      | Reached XP level 7. HP: 37/71 MP: 7/7
  4405 | D:3      | Found a runed translucent gate.
  4406 | D:3      | Found a runed translucent gate.
  4406 | D:3      | Found a runed translucent gate.
  4411 | D:3      | Noticed CInkIbrahim's ghost (amateur OpGl)
  5239 | D:3      | Reached skill level 6 in Throwing
  5631 | D:4      | HP: 2/71 [orc wizard (2)]
  5633 | D:4      | Killed from afar by an orc wizard

Illustrated notes

Levels and vault maps discovered:
D:1:      giann_bridges, layout_loops_corners, minmay_misc_feat_iff
D:2:      layout_rooms, uniq_sigmund
D:3:      layout_loops_ring, chequers_temple_overflow_statue_of_worship,
          jmf_multi_god_temple, nicolae_sif_muna_condensation,
          gammafunk_ghost_split
D:4:      layout_layer_cave, kennysheep_little_box, minmay_manual_mail

Skill      XL: |  1  2  3  4  5  6  7 |
---------------+----------------------+-----
Fighting       | 3 4 |  4.9
Dodging        | 2 3 |  3.3
Maces & Flails | 1 2 3 |  3.9
Throwing       | 5 6 |  6.2
Stealth        | |  0.6

Action                   |  1- 3 |  4- 6 |  7- 9 || total
-------------------------+-------+-------+-------++-------
Melee: Short sword       |    54 |   135 |    49 ||   238
       Flail             |    34 |       |       ||    34
Throw: Stone             |    56 |    47 |     9 ||   112
       Large rock        |     3 |     4 |     4 ||    11
       Throwing net      |       |     2 |       ||     2
  Use: Scroll            |       |       |     6 ||     6
 Stab: Sleeping          |     1 |       |     1 ||     2
       Held in net/web   |       |     1 |       ||     1
Armor: Robe              |    21 |    45 |    22 ||    88
Dodge: Dodged            |    53 |    71 |    33 ||   157

Table legend: (Time is in decaauts)
 A = Elapsed time spent in this place.
 B = Non-inter-level travel time spent in this place.
 C = Inter-level travel time spent in this place.
 D = Time resting spent in this place.
 E = Time spent auto-exploring this place.
 F = Levels seen in this place.
 G = Mean time per level.
                   A        B        C        D        E       F      G
               +--------+--------+--------+--------+--------+-----+--------+
         Total |   5674 |   5274 |    400 |   1604 |   2541 |   4 | 1418.5 |
       Dungeon |   5674 |   5274 |    400 |   1604 |   2541 |   4 | 1418.5 |
               +--------+--------+--------+--------+--------+-----+--------+

Top non-repeatable levels by time:
     D:3: 2353 daAuts
     D:1: 2250 daAuts
     D:2: 957 daAuts
     D:4: 113 daAuts
